Map: Ephemeron LE

Players

Gemini

  • Race: Protoss Protoss
  • League: Master
  • Spawn Location: 5:00

A.I. 1 (Very Easy) - Winner!

  • Race: Zerg Zerg
  • Spawn Location: 11:00

VOD

Have the link to the VOD?

Description

Time

  • Played on: March 8, 2020, 5:40 a.m.
  • Length: 9:11
Show
View Real Time Build Order
Export as new Build Order

Gemini Protoss 

Build Orders: 1 Gate Expand, Archon Immortal, Mass Adepts, Dark Templar Rush 

Get SALT Encoding   

  12  0:00  Probe  
  13  0:13  Probe  
  14  0:17  Pylon  
  14  0:25  Probe (Chrono Boost)  
  15  0:37  Probe (Chrono Boost)  
  15  0:38  Gateway  
  16  0:44  Probe (Chrono Boost)  
  16  0:48  Assimilator  
  17  0:52  Probe  
  18  1:04  Probe  
  19  1:21  Nexus  
  19  1:28  Probe  
  20  1:35  Cybernetics Core  
  20  1:40  Probe  
  20  1:45  Assimilator  
  21  1:52  Probe  
  22  1:54  Pylon  
  22  2:04  Probe  
  23  2:09  Adept (Chrono Boost)  
  23  2:12  Warp Gate  
  25  2:16  Probe  
  26  2:29  Probe (Chrono Boost)  
  27  2:30  Twilight Council  
  27  2:34  Probe (Chrono Boost)  
  28  2:38  Stalker  
  28  2:41  Probe (Chrono Boost)  
  28  2:44  Probe (Chrono Boost)  
  32  2:46  Probe (Chrono Boost)  
  33  2:53  Robotics Facility  
  33  2:54  Probe  
  33  2:57  Probe  
  35  3:06  Probe  
  35  3:07  Resonating Glaives  
  35  3:10  Probe  
  37  3:17  Gateway  
  37  3:20  Gateway  
  37  3:25  Gateway  
  37  3:32  Probe  
  37  3:33  Pylon, Probe  
  39  3:39  Warp Prism (Chrono Boost)  
  39  3:47  Assimilator, Probe  
  42  3:48  Probe  
  43  3:56  Dark Shrine  
  43  3:58  Pylon  
  43  4:01  Probe x2  
  45  4:12  Adept x2  
  45  4:15  Adept  
  51  4:28  Pylon  
  51  4:35  Adept x4  
  59  4:47  Pylon  
  59  4:57  Adept x4  
  65  5:17  Dark Templar x2  
  69  5:23  Dark Templar  
  69  5:24  Zealot  
  73  5:32  Pylon  
  73  5:33  Probe x2  
  75  5:36  Assimilator  
  75  5:46  Probe x2 (Chrono Boost)  
  77  5:52  Immortal (Chrono Boost)  
  81  5:58  Probe x2 (Chrono Boost)  
  81  6:01  Nexus  
  81  6:02  Pylon  
  83  6:07  Probe x2 (Chrono Boost)  
  83  6:10  Gateway  
  85  6:11  Gateway  
  85  6:13  Gateway  
  86  6:22  Forge  
  85  6:26  Pylon  
  85  6:28  Sentry x2  
  85  6:29  Sentry  
  91  6:42  Protoss Ground Weapons Level 1 (Chrono Boost), Charge (Chrono Boost)  
  91  6:44  Pylon  
  91  6:45  Pylon  
  91  6:48  Probe x2  
  91  6:53  Immortal (Chrono Boost)  
  93  6:58  Dark Templar  
  93  7:00  Probe x2  
  101  7:02  Dark Templar  
  101  7:07  Archon  
  101  7:08  Archon  
  103  7:13  Probe x2  
  103  7:14  Dark Templar  
  107  7:15  Zealot x2  
  107  7:18  Gateway  
  107  7:21  Archon, Probe  
  112  7:25  Probe x2  
  114  7:30  Immortal  
  114  7:33  Probe  
  120  7:37  Probe x2  
  120  7:44  Dark Templar, Sentry  
  123  7:46  Probe (Chrono Boost)  
  123  7:48  Assimilator  
  123  7:49  Assimilator, Probe x2 (Chrono Boost)  
  128  7:54  Dark Templar  
  128  7:55  Zealot  
  128  7:57  Probe (Chrono Boost)  
  133  7:58  Archon  
  133  8:02  Pylon  
  133  8:03  Pylon  
  133  8:20  Immortal  
  137  8:28  Zealot x4  
  137  8:30  Pylon  
  145  8:34  Pylon  
  145  8:35  Pylon  
  145  8:37  Zealot x2  
  149  9:00  Zealot x2  
  149  9:01  Zealot x6  
  165  9:03  Nexus  
Show
View Real Time Build Order
Export as new Build Order

A.I. 1 (Very Easy) Zerg - Winner!

Build Orders: Hatch First 

Get SALT Encoding   

  12  0:01  Drone  
  13  0:12  Overlord  
  13  0:16  Drone  
  14  0:43  Hatchery  
  14  0:46  Drone  
  14  1:04  Spawning Pool  
  14  1:06  Drone  
  14  1:10  Extractor  
  13  1:13  Drone  
  14  1:21  Overlord  
  14  1:51  Queen  
  14  1:52  Zergling x2  
  17  1:54  Zergling x2  
  17  1:58  Roach Warren  
  17  2:05  Drone  
  18  2:09  Extractor  
  18  2:13  Drone  
  18  2:18  Zergling x2  
  19  2:24  Drone  
  20  2:31  Drone  
  21  2:38  Drone  
  22  2:45  Drone  
  23  2:53  Drone  
  24  3:00  Drone  
  25  3:07  Roach, Drone  
  28  3:13  Overlord  
  28  3:16  Drone  
  29  3:23  Drone  
  30  3:31  Drone  
  31  3:38  Drone  
  32  3:45  Drone  
  32  3:48  Overlord  
  33  3:52  Drone  
  34  3:56  Roach, Lair  
  34  3:59  Drone  
  37  4:07  Drone  
  38  4:14  Drone  
  39  4:21  Drone  
  40  4:28  Drone  
  40  4:30  Overlord  
  41  4:36  Drone  
  42  4:43  Drone  
  42  4:44  Roach  
  45  4:50  Drone  
  43  4:55  Overseer  
  43  4:56  Overseer  
  43  4:57  Queen, Drone  
  40  5:04  Drone  
  36  5:11  Drone  
  19  5:19  Drone  
  17  5:26  Drone  
  19  5:42  Drone  
  15  5:45  Queen  
  15  5:49  Drone  
  14  5:59  Hatchery  
  14  6:01  Zergling x2  
  15  6:04  Drone  
  16  6:11  Drone  
  17  6:18  Drone  
  17  6:25  Drone  
  18  6:33  Drone  
  17  6:40  Drone  
  17  6:42  Queen  
  17  6:43  Zergling x2  
  19  6:52  Drone  
  20  6:59  Drone  
  21  7:07  Drone  
  22  7:14  Drone  
  23  7:21  Drone  
  24  7:28  Drone  
  25  7:32  Roach  
  25  7:35  Drone  
  27  7:42  Drone  
  28  7:50  Drone  
  29  7:57  Drone  
  30  8:04  Drone  
  31  8:11  Drone  
  32  8:18  Drone  
  33  8:21  Roach  
  33  8:26  Drone  
  36  8:33  Overseer, Drone, Overlord  
  37  8:40  Drone  
  38  8:47  Drone  
  39  8:54  Drone  
Tags
 
Add a new tag
Caveats
  • Supply blocks, unpowered buildings, or Contaminate may cause inaccurate times.
  • Supply counts are checked every 10 seconds.